 Dungeon Crawl Stone Soup version 0.22-a0-75-g1fede22 (webtiles) character file.

85157 shenanigans the Fighter (level 15, -11/125 HPs)
             Began as a Barachi Monk on Jan 12, 2018.
             Was the Champion of Cheibriados.
             Mangled by a sun demon (16 damage)
             ... summoned by a deep elf mage
             ... on level 12 of the Dungeon.
             The game lasted 01:15:51 (24541 turns).

shenanigans the Fighter (Barachi Monk)             Turns: 24541, Time: 01:15:52

Health: -11/125    AC: 25    Str: 28      XL:     15   Next: 82%
Magic:  20/20      EV: 19    Int: 31 (32) God:    Cheibriados [******]
Gold:   1956       SH: 12    Dex: 31      Spells: 12/15 levels left

rFire    . . .     SeeInvis .   a - +2 war axe (chop)
rCold    . . .     Gourm    .   O - +0 buckler
rNeg     . . .     Faith    .   u - +7 chain mail of the Game of Kings {*Drain rElec Regen+ rCorr}
rPois    +         Spirit   .   k - +0 helmet
rElec    +         Reflect  +   I - +0 cloak
rCorr    +         Harm     .   p - +1 pair of gloves
MR       +....                  l - +0 pair of boots
Stlth    ..........             A - +3 amulet of reflection
HPRegen  0.70/turn              F - ring of poison resistance
MPRegen  0.17/turn              C - +2 ring of intelligence

@: can't hop, heavily drained, very slow
A: +LOS, swims, slowness 1, strong legs 2
a: Hop, Bend Time, Temporal Distortion, Slouch, Step From Time, Renounce
Religion


You were on level 12 of the Dungeon.
You worshipped Cheibriados.
Cheibriados was exalted by your worship.
You were not hungry.

You visited 3 branches of the dungeon, and saw 20 of its levels.
You also visited: Bailey and Ice Cave.

You collected 2358 gold pieces.
You spent 402 gold pieces at shops.

Inventory:

Hand Weapons
 a - a +2 war axe of chopping (weapon)
 b - a +2 war axe of flaming
 d - the +3 battleaxe of Dishonesty {holy, rPois MP+9}
   (You found it on level 5 of the Lair of Beasts)

   It has been blessed by the Shining One to cause great damage to the undead
   and demons.
   It protects you from poison.
   It affects your magic capacity (+9).
 i - a +3 spear of freezing
 w - the +1 hand axe "Xecirchun" {chop, rC+ Int+2}
   (You found it on level 9 of the Dungeon)

   It inflicts extra damage upon your enemies.
   It affects your intelligence (+2).
   It protects you from cold.
 P - a +1 broad axe of draining
 Y - a +0 broad axe of protection
Missiles
 U - 2 poisoned tomahawks (quivered)
Armour
 k - a +0 helmet (worn)
 l - a +0 pair of boots (worn)
 p - a +1 pair of gloves (worn)
 u - the +7 chain mail of the Game of Kings (worn) {*Drain rElec Regen+ rCorr}
   (You found it on level 6 of the Lair of Beasts)

   It insulates you from electricity.
   It increases your rate of regeneration.
   It protects you from acid and corrosion.
   It causes draining when unequipped.
 I - a +0 cloak (worn)
 O - a +0 buckler (worn)
 R - a +2 plate armour of poison resistance
Jewellery
 m - an uncursed ring of stealth
 z - the amulet "Ohuma" {Reflect rPois rF- MP-9 Dex+7 SH+3}
   (You bought it in a shop on level 5 of the Dungeon)

   [amulet of reflection]

   It shields you and reflects attacks.
   It affects your dexterity (+7).
   It makes you vulnerable to fire.
   It protects you from poison.
   It affects your magic capacity (-9).
   It affects your SH (+3).
 A - a +3 amulet of reflection (around neck)
 C - a +2 ring of intelligence (right hand)
 F - a ring of poison resistance (left hand)
 H - an uncursed amulet of faith
 M - an uncursed ring of resist corrosion
 W - an uncursed ring of protection from cold
Wands
 x - a wand of disintegration (13)
 G - a wand of iceblast (6)
 N - a wand of paralysis (29)
 S - a wand of acid (6)
Scrolls
 e - 5 scrolls of magic mapping
 f - 10 scrolls of teleportation
 g - 7 scrolls of remove curse
 q - 5 scrolls of blinking {unknown}
 s - 2 scrolls of amnesia
 t - a scroll of summoning {unknown}
 B - a scroll of fog
 E - 3 scrolls of enchant armour
 Q - a scroll of holy word
 T - 2 scrolls of fear
Potions
 h - 9 potions of mutation
 j - 2 potions of haste
 n - 2 potions of might
 o - 10 potions of curing
 r - a potion of resistance
 v - 2 potions of invisibility
 D - 4 potions of magic
 J - 8 potions of heal wounds
 K - 2 potions of flight
 Z - 3 potions of agility
Books
 L - the Collected Works on Shape Shifting and Calling
   (You found it on level 5 of the Lair of Beasts)

   Spells                             Type                      Level
   a - Summon Butterflies             Summoning                    1
   b - Irradiate                      Conjuration/Transmutation    5
   c - Spellforged Servitor           Conjuration/Summoning        7
Comestibles
 c - 59 rations


   Skills:
 - Level 13.7(10.3) Fighting
 + Level 13.5(10.2) Axes
 - Level 13.7(10.3) Armour
 + Level 13.6(10.3) Dodging
 - Level 1.7(0.0) Stealth
 * Level 13.0(9.7) Shields
 + Level 0.8(0.0) Spellcasting
 - Level 7.1(4.2) Invocations


You had 12 spell levels left.
You knew the following spells:

 Your Spells              Type           Power        Failure   Level  Hunger
a - Summon Butterflies    Summ           #.......     36%         1    ##.....
b - Blink                 Tloc           N/A          50%         2    ###....


Dungeon Overview and Level Annotations

Branches:
Dungeon (12/15)            Temple (0/1) D:4            Lair (6/6) D:9
 Shoals (0/4) Lair:4        Snake (0/4) Lair:2        Slime (0/5) Lair:6
    Orc (2/2) D:10            Elf (0/3) Orc:2

Altars:
Ashenzari
Cheibriados
Dithmenos
Elyvilon
Gozag
Kikubaaqudgha
Okawaru
Qazlal
Ru
Sif Muna
Uskayaw
Wu Jian
Xom
Yredelemnul
The Shining One
Beogh

Shops:
D:5 *   D:10 %   Orc:2 [*:(


Innate Abilities, Weirdness & Mutations

Shadows flee at your approach. (+LOS)
You can swim through water.
You cover ground slowly.
You can hop long distances.


Message History

You block the demonic crawler's attack.
Unknown command.
You slash the demonic crawler!
You kill the demonic crawler!
The demonic crawler's corpse disappears in a puff of smoke!
You slash the sun demon!
The sun demon is moderately wounded.
The sun demon hits you!!
You are engulfed in flames!
* * * LOW HITPOINT WARNING * * *
The deep elf mage points at you and mumbles some strange words.
The bolt of negative energy hits the sun demon.
The sun demon completely resists.
The bolt of negative energy hits you!
You feel drained.
* * * LOW HITPOINT WARNING * * *
You hit the sun demon but do no damage.
The sun demon is moderately wounded.
The sun demon hits you!
* * * LOW HITPOINT WARNING * * *
You are engulfed in flames!
You die...

...........# #.#
#.#..# ####.#####.#
#.###.#..# # #.# #.#
#........# # #.#
###.#####..##.#..# #
#..
...........##.#....#
# ###
####.####.###.#......
# #..........####.#..
# ######.##### .# . #
#@# # # #3# #e# #.#
#.# #.# #.# #.# #.#


You could see a sun demon and a deep elf mage.

Vanquished Creatures
  Rupert (Orc:2)
  2 orc warlords (Orc:2)
  A frost giant (IceCv)
  Azrael (Orc:2)
  Erolcha (Orc:1)
  Harold (Orc:1)
  7 hydras
  The ghost of marriedatthemol the Geomancer, a journeyman GrEE of Vehumet (D:10)
  6 two-headed ogres
  A death yak (IceCv)
  A merfolk avatar (Lair:6)
  Urug (Lair:4)
  4 orc high priests
  The ghost of brevous the Cleaver, a novice DDFi of Makhleb (D:7)
  An unseen horror (D:9)
  2 sea snakes (Lair:6)
  A lindwurm (Lair:4)
  A harpy (Lair:6)
  A deep elf mage (D:12)
  3 orc knights
  An ugly thing (D:11)
  3 oklob plants (Lair:5)
  3 manticores
  6 orc sorcerers
  17 elephants (Lair:6)
  A centaur zombie (D:10)
  2 merfolk sirens (Lair:4)
  5 black mambas
  An ice statue (IceCv)
  A torpor snail (Lair:6)
  A gargoyle (D:12)
  13 spiny frogs
  12 komodo dragons
  7 rime drakes
  A troll (Orc:1)
  Prince Ribbit (D:9)
  6 hornets
  2 merfolk (Lair:4)
  A queen bee (D:9)
  19 polar bears
  3 blink frogs (Lair:5)
  4 dream sheep (Lair:5)
  7 hippogriffs
  Sigmund (D:5)
  A water elemental (D:11)
  A spriggan (D:7)
  A wraith (D:12)
  2 fire elementals
  10 wyverns
  39 yaks
  4 basilisks
  A shadow (D:11)
  A steam dragon (D:10)
  Menkaure (D:4)
  5 nagas (Lair:2)
  10 wargs
  An acid dragon (D:11)
  13 water moccasins
  35 orc warriors
  2 hell hounds (Orc:2)
  8 porcupines
  5 ice beasts
  An eye of draining (D:9)
  4 sky beasts
  4 phantoms
  21 wolves
  4 centaurs
  11 ogres
  A necrophage (D:6)
  15 crocodiles
  19 bullfrogs
  A wyvern zombie (D:11)
  4 scorpions
  30 killer bees
  3 howler monkeys
  3 wights (D:11)
  4 electric eels
  3 bullfrog zombies
  5 crimson imps
  3 jellies
  22 orc wizards
  2 bullfrog skeletons
  17 orc priests
  6 hounds
  2 centaur skeletons
  4 iguanas
  2 hell rats (Lair:4)
  Crazy Yiuf (D:6)
  10 worker ants
  A hound zombie (D:11)
  18 gnolls
  2 howler monkey zombies
  2 worker ant zombies
  5 adders
  8 river rats (Lair:4)
  3 shadow imps
  An ooze (D:1)
  2 adder zombies
  A worm (D:5)
  2 dart slugs
  7 leopard geckos
  90 orcs
  4 bats (D:1)
  4 giant cockroaches
  2 gnoll zombies (D:6)
  9 goblins
  12 hobgoblins
  13 jackals
  3 quokkas
  3 frilled lizards (D:2)
  20 kobolds
  5 rats
  A fungus (Lair:4)
  7 plants
723 creatures vanquished.

Vanquished Creatures (others)
  A polar bear (IceCv)
  A wolf (IceCv)
  A jelly (D:11)
  An orc wizard (Orc:2)
  A kobold (Bailey)
  7 fungi
  17 plants
29 creatures vanquished.

Grand Total: 752 creatures vanquished

Notes
Turn   | Place    | Note
-------+----------+-------------------------------------------
     0 | D:1      | shenanigans the Barachi Monk began the quest for the Orb.
     0 | D:1      | Reached XP level 1. HP: 18/18 MP: 1/1
   345 | D:1      | Reached XP level 2. HP: 10/25 MP: 2/2
   608 | D:1      | Reached skill level 1 in Armour
  1213 | D:2      | Reached XP level 3. HP: 30/30 MP: 3/3
  1657 | D:2      | Found a glowing golden altar of the Shining One.
  1844 | D:2      | Found a snail-covered altar of Cheibriados.
  1912 | D:2      | Became a worshipper of Cheibriados the Contemplative
  1912 | D:2      | Reached * piety under Cheibriados
  1912 | D:2      | Reached ** piety under Cheibriados
  1944 | D:3      | Found a shadowy altar of Dithmenos.
  1955 | D:3      | Noticed a dagger
  1959 | D:3      | Noticed a dagger
  1965 | D:3      | Found a hide-covered altar of Uskayaw.
  2039 | D:3      | Reached XP level 4. HP: 37/37 MP: 4/4
  2095 | D:3      | Found an ancient bone altar of Kikubaaqudgha.
  2135 | D:3      | Found a shattered altar of Ashenzari.
  2178 | D:3      | Found a sacrificial altar of Ru.
  2672 | D:4      | Reached skill level 1 in Invocations
  2848 | D:4      | Noticed Menkaure
  2862 | D:4      | Killed Menkaure
  2862 | D:4      | Reached XP level 5. HP: 8/43 MP: 4/6
  3128 | D:4      | Reached XP level 6. HP: 44/50 MP: 7/7
  3423 | D:4      | Found a snail-covered altar of Cheibriados.
  3711 | D:4      | Found a staircase to the Ecumenical Temple.
  3859 | D:4      | Got a pitted ring mail
  3870 | D:4      | Identified the +0 ring mail of Blue Skies {rElec rC- Regen+ rCorr} (You found it on level 4 of the Dungeon)
  3918 | D:5      | Entered Level 5 of the Dungeon
  3958 | D:5      | Found Ruaxtuc's Assorted Antiques.
  3972 | D:5      | Bought a fine ruby amulet for 130 gold pieces
  3972 | D:5      | Identified the amulet "Ohuma" {Reflect rPois rF- MP-9 Dex+7 SH+3} (You bought it in a shop on level 5 of the Dungeon)
  3977 | D:5      | Bought a thin cabochon amulet for 130 gold pieces
  4012 | D:5      | Reached skill level 5 in Fighting
  4018 | D:5      | Reached *** piety under Cheibriados
  4020 | D:5      | Noticed Sigmund
  4025 | D:5      | Found an opulent altar of Gozag.
  4036 | D:5      | Killed Sigmund
  4036 | D:5      | Reached XP level 7. HP: 35/56 MP: 7/9
  4226 | D:5      | Reached skill level 5 in Dodging
  4361 | D:5      | Found a deep blue altar of Sif Muna.
  4383 | D:5      | Reached skill level 5 in Axes
  4388 | D:5      | Identified Sif Muna's Disquisition on the Entourage
  4471 | D:5      | Reached XP level 8. HP: 64/64 MP: 9/11
  4837 | D:6      | Reached **** piety under Cheibriados
  4896 | D:6      | Reached skill level 5 in Invocations
  4948 | D:6      | Found a runed door.
  5002 | D:6      | Reached skill level 5 in Armour
  5211 | D:6      | Reached XP level 9. HP: 71/71 MP: 12/12
  5299 | D:6      | Found a basalt altar of Yredelemnul.
  5593 | D:6      | Noticed Crazy Yiuf
  5595 | D:6      | Killed Crazy Yiuf
  5851 | D:7      | Noticed a hornet
  5861 | D:7      | Killed a hornet
  5947 | D:7      | Noticed a hornet
  5963 | D:7      | Paralysed by a hornet for 1 turns
  5967 | D:7      | Killed a hornet
  6175 | D:7      | Found a white marble altar of Elyvilon.
  6218 | D:7      | Noticed brevous's ghost (novice DDFi)
  6259 | D:7      | Killed brevous's ghost
  6259 | D:7      | Reached ***** piety under Cheibriados
  6259 | D:7      | Reached XP level 10. HP: 32/80 MP: 14/14
  6666 | D:7      | Found an ornate altar of the Wu Jian Council.
  7418 | D:8      | Found an iron altar of Okawaru.
  7539 | D:8      | Found a stormy altar of Qazlal.
  8470 | D:9      | Noticed Prince Ribbit
  8499 | D:9      | Noticed a two-headed ogre
  8510 | D:9      | Killed a two-headed ogre
  8711 | D:9      | Reached XP level 11. HP: 89/89 MP: 16/16
  8829 | D:9      | Noticed a two-headed ogre
  8839 | D:9      | Killed a two-headed ogre
  8891 | D:9      | Got a transparent hand axe
  8892 | D:9      | Identified the cursed +1 hand axe "Xecirchun" {chop, rC+ Int+2} (You found it on level 9 of the Dungeon)
  8938 | D:9      | Killed Prince Ribbit
  9118 | D:9      | Found a staircase to the Lair.
  9119 | D:9      | Noticed a two-headed ogre
  9142 | D:9      | Killed a two-headed ogre
  9142 | D:9      | Reached skill level 10 in Fighting
  9631 | D:9      | Killed an unseen horror
  9779 | D:10     | Entered Level 10 of the Dungeon
  9834 | D:10     | Found a staircase to the Orcish Mines.
  9857 | D:10     | Noticed marriedatthemol's ghost (journeyman GrEE)
 10107 | D:10     | Killed marriedatthemol's ghost
 10397 | D:10     | Noticed a two-headed ogre
 10452 | D:10     | Killed a two-headed ogre
 10452 | D:10     | Reached ****** piety under Cheibriados
 10452 | D:10     | Reached skill level 10 in Armour
 10569 | D:10     | Reached skill level 10 in Dodging
 10987 | D:10     | Found Kimekus's Food Shoppe.
 11234 | D:11     | Found a flagged portal.
 11259 | Bailey   | Entered a bailey
 11375 | Bailey   | Noticed an orc knight
 11475 | Bailey   | Killed an orc knight
 11475 | Bailey   | Reached skill level 10 in Axes
 11475 | Bailey   | Reached XP level 12. HP: 80/99 MP: 17/17
 11643 | D:11     | Noticed a two-headed ogre
 11652 | D:11     | Killed a two-headed ogre
 12514 | D:11     | Found a shimmering altar of Xom.
 12515 | D:11     | Found a shimmering altar of Xom.
 12518 | D:11     | Found a shimmering altar of Xom.
 12518 | D:11     | Found a shimmering altar of Xom.
 12704 | Lair:1   | Entered Level 1 of the Lair of Beasts
 12704 | Lair:1   | Found a frozen archway.
 12843 | D:9      | Reached skill level 1 in Shields
 12890 | IceCv    | Entered an ice cave
 13156 | IceCv    | Got a translucent ring mail
 13167 | IceCv    | Identified the cursed +1 ring mail "Pasko" {rElec MR- Regen+ Int+3} (You found it in an ice cave)
 13694 | IceCv    | Noticed a death yak
 13710 | IceCv    | Killed a death yak
 13983 | IceCv    | Noticed a frost giant
 13985 | IceCv    | Reached skill level 5 in Shields
 13985 | IceCv    | Gained mutation: You can hop long distances. [Barachi growth]
 13985 | IceCv    | Reached XP level 13. HP: 107/107 MP: 12/18
 14002 | IceCv    | Killed a frost giant
 15713 | Lair:2   | Learned a level 1 spell: Summon Butterflies
 15718 | Lair:2   | Learned a level 2 spell: Blink
 16100 | Lair:2   | Found a staircase to the Snake Pit.
 18287 | Lair:4   | Noticed Urug
 18316 | Lair:4   | Killed Urug
 18316 | Lair:4   | Reached XP level 14. HP: 101/116 MP: 19/19
 18902 | Lair:4   | Found a staircase to the Shoals.
 19684 | Lair:5   | Reached skill level 10 in Shields
 20648 | Lair:5   | Got a translucent ruby amulet
 20655 | Lair:5   | Identified the Collected Works on Shape Shifting and Calling
 20662 | Lair:5   | Identified the amulet of Horil {Inacc rC- MP+9 Str-5 Stlth+} (You found it on level 5 of the Lair of Beasts)
 20664 | Lair:5   | Identified a scroll of acquirement
 20676 | Lair:5   | Got an ancient battleaxe
 20682 | Lair:5   | Identified the +3 battleaxe of Dishonesty {holy, rPois MP+9} (You found it on level 5 of the Lair of Beasts)
 20774 | Lair:6   | Entered Level 6 of the Lair of Beasts
 21157 | Lair:6   | Reached XP level 15. HP: 98/125 MP: 10/20
 21265 | Lair:6   | Got a turquoise-encrusted chain mail
 21288 | Lair:6   | Identified the +7 chain mail of the Game of Kings {*Drain rElec Regen+ rCorr} (You found it on level 6 of the Lair of Beasts)
 21394 | Lair:6   | Found a staircase to the Slime Pits.
 21993 | Orc:1    | Entered Level 1 of the Orcish Mines
 22134 | Orc:2    | Entered Level 2 of the Orcish Mines
 22134 | Orc:2    | Found Fyalim's Book Shop.
 22134 | Orc:2    | Found Toixyfroeb's General Store.
 22283 | Orc:2    | Bought a scroll of identify for 22 gold pieces
 22283 | Orc:2    | Bought a scroll of holy word for 82 gold pieces
 22283 | Orc:2    | Bought a scroll of magic mapping for 38 gold pieces
 22341 | Orc:2    | Noticed Azrael
 22512 | Orc:2    | Found Tibriet's Antique Weapon Emporium.
 22557 | Orc:1    | Noticed an orc warlord
 22571 | Orc:2    | Killed an orc warlord
 22825 | Orc:2    | Noticed Rupert
 22826 | Orc:2    | Found a staircase to the Elven Halls.
 22853 | Orc:2    | Killed Rupert
 23013 | Orc:2    | Noticed an orc warlord
 23030 | Orc:2    | Killed an orc warlord
 23136 | Orc:2    | Killed Azrael
 23237 | Orc:2    | Found Luwn's Antique Armour Emporium.
 23523 | Orc:1    | Noticed Harold
 23529 | Orc:1    | Noticed Erolcha
 23719 | Orc:1    | Killed Erolcha
 23720 | Orc:1    | Killed Harold
 24004 | Orc:1    | Found a roughly hewn altar of Beogh.
 24541 | D:12     | HP: 5/125 [sun demon[a deep elf mage] (13)]
 24541 | D:12     | Mangled by a sun demon

Vault maps used:
D:1:      eino_arrival_cavern_d
D:2:      nicolae_tso_carved_into_rock, first_ration, kennysheep_slug_shrine
D:3:      dancing_weapons_uskayaw, nicolae_overflow_hidden_temple,
          lemuel_doored_altar, nicolae_ru_sacrificial_ziggurat,
          nicolae_dithmenos_through_a_glass_darkly
D:4:      kennysheep_mini, minmay_temple_entry_purple_smoke, uniq_menkaure
D:5:      grunt_gozag_statues, led_sif_book, serial_shops, shop_coins,
          minmay_misc_feat_rows, uniq_sigmund
D:6:      lemuel_zombie_altar_yredelemnul, uniq_crazy_yiuf_cottage
D:7:      kennysheep_mini_moat, marbit_many_paths, minmay_tree_intersection,
          the_bakery, serial_bayou_pond_e, water_maze_lemuel
D:8:      lemuel_round_altar, grunt_qazlal_sundering
D:9:      david_lair_shrubbed, special_room, uniq_prince_ribbit1
D:10:     david_orc_3, serial_shops, shop
D:11:     lightli_bailey_entry_fortress, xom_redecorated
Lair:1:   portal_ice_cave_entry_pillars_1, st_stairs_6,
          nicolae_quartered_pool_super
Lair:2:   minmay_snake_entry_guardpost_large, lemuel_fruit_fields,
          infiniplex_staircase_pool_2
Lair:3:   lemuel_fruit_fields, infiniplex_staircase_pool, lemuel_fruit_fields
Lair:4:   elwin_shoals_entry_stream, kennysheep_rathole, uniq_urug
Lair:5:   special_room, grunt_megastairs_1, serial_bayou_shore_b,
          minmay_lair_oklob_chamber
Lair:6:   gammafunk_lair_ancient_temple, slime_dummy
Orc:1:    minmay_orc_temple_b, uniq_erolcha, uniq_harold
Orc:2:    grunt_orc_gardens, grunt_orc_garden, grunt_orc_garden,
          grunt_orc_garden, grunt_orc_garden, uniq_azrael, uniq_rupert
Bailey:   bailey_axe_2, bailey
IceCv:    ice_cave_caverns_03

Skill      XL: |  1  2  3  4  5  6  7  8  9 10 11 12 13 14 15 |
---------------+----------------------------------------------+-----
Armour         | 1 2 3 4 5 6 8 10 11 12 13 | 13.7
Fighting       | 4 5 6 7 9 10 11 12 13 | 13.7
Dodging        | 4 5 6 7 8 10 11 12 13 | 13.6
Invocations    | 2 3 4 5 6 7 |  7.1
Axes           | 4 5 6 7 8 10 11 12 13 | 13.5
Shields        | 5 8 11 13 | 13.0
Stealth        | |  1.7
Spellcasting   | |  0.8

Action                   |  1- 3 |  4- 6 |  7- 9 | 10-12 | 13-15 || total
-------------------------+-------+-------+-------+-------+-------++-------
Melee: Hand axe          |   136 |       |       |   796 |    43 ||   975
       War axe           |     4 |    67 |   321 |   249 |   482 ||  1123
       Unarmed           |       |       |     4 |       |       ||     4
       Broad axe         |       |       |       |       |   690 ||   690
       Spear             |       |       |       |       |    42 ||    42
Throw: Javelin           |       |       |       |    22 |     1 ||    23
       Tomahawk          |       |       |       |     1 |     7 ||     8
Invok: Slouch            |       |       |     1 |     6 |    13 ||    20
 Abil: Hop               |     1 |       |       |     1 |     5 ||     7
Evoke: Wand              |       |       |     2 |       |    12 ||    14
  Use: Potion            |     3 |     1 |       |     5 |     4 ||    13
       Scroll            |     4 |     5 |     2 |     9 |    10 ||    30
 Stab: Sleeping          |     3 |       |     4 |    14 |     1 ||    22
       Distracted        |       |       |       |     1 |       ||     1
  Eat: Chunk             |     3 |     2 |     3 |    18 |    24 ||    50
       Ration            |       |     1 |       |       |       ||     1
Armor: Robe              |     7 |       |       |       |       ||     7
       Scale mail        |    23 |    13 |       |       |       ||    36
       Skin              |       |     4 |       |    30 |       ||    34
       Ring mail         |       |     6 |   108 |   220 |    73 ||   407
       Chain mail        |       |       |       |    35 |   157 ||   192
       Plate armour      |       |       |       |       |   189 ||   189
Dodge: Dodged            |    90 |    54 |   286 |  1026 |  1171 ||  2627
Block: Other             |       |       |    34 |    94 |       ||   128
       Reflection        |       |       |     1 |     6 |     7 ||    14
       Buckler           |       |       |       |   125 |   877 ||  1002

Table legend:
 A = Spawn XP
 B = Non-spawn XP
 C = Spawn XP percentage of total XP
 D = Spawn monster count
 E = Non-spawn monster count
 F = Spawn count percentage of total count
 G = Total turns spent on level
                    A         B        C        D         E        F      G
               +---------+---------+-------+---------+---------+-------+---------
         Total |       0 |  121654 |   0.0 |       0 |     716 |   0.0 | 24541
               +---------+---------+-------+---------+---------+-------+---------
           D:1 |       0 |      33 |   0.0 |       0 |      17 |   0.0 |  1185
           D:2 |       0 |      31 |   0.0 |       0 |      12 |   0.0 |   745
           D:3 |       0 |      35 |   0.0 |       0 |      15 |   0.0 |   698
           D:4 |       0 |     246 |   0.0 |       0 |       5 |   0.0 |  1290
           D:5 |       0 |    1069 |   0.0 |       0 |      23 |   0.0 |   620
           D:6 |       0 |    1007 |   0.0 |       0 |      27 |   0.0 |  1115
           D:7 |       0 |    3119 |   0.0 |       0 |      42 |   0.0 |  1423
           D:8 |       0 |     799 |   0.0 |       0 |      15 |   0.0 |  1066
           D:9 |       0 |    8831 |   0.0 |       0 |      69 |   0.0 |  2008
          D:10 |       0 |    3262 |   0.0 |       0 |      12 |   0.0 |  1214
          D:11 |       0 |    4698 |   0.0 |       0 |      61 |   0.0 |  1237
          D:12 |       0 |    2314 |   0.0 |       0 |      11 |   0.0 |   241
        Lair:1 |       0 |    4973 |   0.0 |       0 |      15 |   0.0 |  1166
        Lair:2 |       0 |    6484 |   0.0 |       0 |      30 |   0.0 |  1090
        Lair:3 |       0 |    5695 |   0.0 |       0 |      18 |   0.0 |  1579
        Lair:4 |       0 |    8511 |   0.0 |       0 |      41 |   0.0 |  1232
        Lair:5 |       0 |   11845 |   0.0 |       0 |      40 |   0.0 |  1600
        Lair:6 |       0 |   19151 |   0.0 |       0 |      50 |   0.0 |   950
         Orc:1 |       0 |   10147 |   0.0 |       0 |      71 |   0.0 |  1028
         Orc:2 |       0 |   16313 |   0.0 |       0 |      62 |   0.0 |  1204
        Bailey |       0 |     820 |   0.0 |       0 |      34 |   0.0 |   361
         IceCv |       0 |   12271 |   0.0 |       0 |      46 |   0.0 |  1489
               +---------+---------+-------+---------+---------+-------+---------
